 Dungeon Crawl Stone Soup version 0.22-a0-284-g99d1f74 (webtiles) character file.

8855 Amnesiac the Destroyer (level 11, -1/62 HPs)
             Began as a Deep Elf Wizard on Mar 21, 2018.
             Was a High Priest of Sif Muna.
             Slain by a troll (13 damage)
             ... on level 10 of the Dungeon.
             The game lasted 00:22:57 (12465 turns).

Amnesiac the Destroyer (Deep Elf Wizard)           Turns: 12465, Time: 00:22:57

Health: -1/62      AC:  7    Str:  9    XL:     11   Next: 15%
Magic:  0/29       EV: 14    Int: 27    God:    Sif Muna [*****.]
Gold:   922        SH:  0    Dex: 13    Spells: 20/34 levels left

rFire    . . .     SeeInvis .   t - +0 dagger (venom)
rCold    + . .     Gourm    .   (no shield)
rNeg     + . .     Faith    .   p - +2 robe {rN+}
rPois    .         Spirit   .   b - +0 hat
rElec    .         Reflect  .   (no cloak)
rCorr    .         Harm     .   i - +1 pair of gloves
MR       +....                  B - +0 pair of boots
Stlth    ++........             u - amulet of rage
HPRegen  0.20/turn              C - ring of protection from cold
MPRegen  0.21/turn              D - +5 ring of strength

@: divine energy
A: no striking features
a: Stop Divine Energy, Channel Magic, Forget Spell, Renounce Religion, Evoke
Berserk Rage


You were on level 10 of the Dungeon.
You worshipped Sif Muna.
Sif Muna was extremely pleased with you.
You were not hungry.

You visited 2 branches of the dungeon, and saw 11 of its levels.
You also visited: Sewer and Ossuary.

You collected 922 gold pieces.

Inventory:

Hand Weapons
 t - a +0 dagger of venom (weapon)
 y - a +1 blowgun
Missiles
 z - 19 poisoned needles
Armour
 b - a +0 hat (worn)
 i - a +1 pair of gloves (worn)
 p - a +2 robe of positive energy (worn)
 B - a +0 pair of boots (worn)
Jewellery
 n - an uncursed ring of flight
 u - an amulet of rage (around neck)
 C - a ring of protection from cold (left hand)
 D - a +5 ring of strength (right hand)
 E - an uncursed amulet of guardian spirit
Wands
 f - a wand of iceblast (8)
 m - a wand of polymorph (21)
 I - a wand of enslavement (12)
Scrolls
 c - a scroll of amnesia {!r}
 e - 6 scrolls of identify {!r}
 g - 3 scrolls of teleportation {!r}
 l - 9 scrolls of remove curse {!r}
 r - 2 scrolls of enchant armour {!r}
 s - 2 scrolls of fog {!r}
 v - a scroll of magic mapping {!r}
 w - 2 scrolls of fear {!r}
 F - a scroll of noise {!r, unknown}
 H - a scroll of vulnerability {!r, unknown}
Potions
 h - 3 potions of brilliance {!q}
 j - 5 potions of curing {!q}
 k - 3 potions of lignification {!q}
 o - 3 potions of haste {!q}
 q - 3 potions of flight {!q}
 x - 3 potions of magic {!q}
 A - 3 potions of cancellation {!q}
 G - 2 potions of agility {!q}
Comestibles
 a - 3 chunks of flesh
 d - 22 rations


   Skills:
 - Level 4.5 Fighting
 - Level 4.5 Dodging
 - Level 2.4 Stealth
 + Level 12.3 Spellcasting
 * Level 14.0 Conjurations
 - Level 1.1 Summonings
 - Level 1.1 Translocations


You had 20 spell levels left.
You knew the following spells:

 Your Spells              Type           Power        Failure   Level  Hunger
a - Dazzling Spray        Conj/Hex       ######       1%          3    None
b - Call Imp              Summ           ###.....     3%          2    None
c - Magic Dart            Conj           ####         0%          1    None
e - Mephitic Cloud        Conj/Pois/Air  #####...     1%          3    None
s - Conjure Flame         Conj/Fire      ######..     1%          3    None
v - Blink                 Tloc           N/A          3%          2    None


Dungeon Overview and Level Annotations

Branches:
Dungeon (10/15)            Temple (1/1) D:4             Orc (0/2) D:10
   Lair: D:8-11

Altars:
Ashenzari
Cheibriados
Dithmenos
Elyvilon
Fedhas
Gozag
Hepliaklqana
Kikubaaqudgha
Makhleb
Nemelex Xobeh
Okawaru
Qazlal
Ru
Sif Muna
Trog
Uskayaw
Vehumet
Wu Jian
Xom
Yredelemnul
Zin
The Shining One

Shops:
D:4 (   D:8 *(*


Message History

Confirm with . or Enter, or press ? or * to list all spells.
Aiming: Dazzling Spray (safe; 1% risk of failure)
Press: ? - help, Shift-Dir - straight line, f/p - troll
Aim: a troll (heavily wounded, poisoned)
The spray of energy hits the troll.
The troll is almost dead.
The troll is dazzled.
Sif Muna grants you divine energy.
You briefly lose access to your magic!
The troll misses you. x3
Some of the chunks of flesh in your inventory have rotted away.
You are unable to access your magic!
The troll looks more healthy.
You are unable to access your magic!
You are unable to access your magic!
You are unable to access your magic!
You are unable to access your magic!
You are unable to access your magic!
You regain access to your magic.
Casting: Dazzling Spray (safe; 1% risk of failure)
Confirm with . or Enter, or press ? or * to list all spells.
Aiming: Dazzling Spray (safe; 1% risk of failure)
Press: ? - help, Shift-Dir - straight line, f/p - troll
Aim: a troll (severely wounded, blind, hasn't noticed you)
The spray of energy hits the troll.
The troll is almost dead.
The troll is dazzled.
Sif Muna grants you divine energy.
You briefly lose access to your magic!
The troll shouts!
You are unable to access your magic!
You are unable to access your magic!
You regain access to your magic.
The troll is no longer blind.
There is an open door here.
Casting: Dazzling Spray (safe; 1% risk of failure)
Confirm with . or Enter, or press ? or * to list all spells.
You can't see any susceptible monsters within range! (Use Z to cast anyway.)
Casting: Dazzling Spray (safe; 1% risk of failure)
Confirm with . or Enter, or press ? or * to list all spells.
You can't see any susceptible monsters within range! (Use Z to cast anyway.)
Casting: Dazzling Spray (safe; 1% risk of failure)
Confirm with . or Enter, or press ? or * to list all spells.
You can't see any susceptible monsters within range! (Use Z to cast anyway.)
Casting: Dazzling Spray (safe; 1% risk of failure)
Confirm with . or Enter, or press ? or * to list all spells.
You can't see any susceptible monsters within range! (Use Z to cast anyway.)
There is an open door here.
Casting: Dazzling Spray (safe; 1% risk of failure)
Confirm with . or Enter, or press ? or * to list all spells.
Aiming: Dazzling Spray (safe; 1% risk of failure)
Press: ? - help, Shift-Dir - straight line, f/p - troll
Aim: a troll (severely wounded)
The spray of energy hits the troll.
The troll is almost dead.
Sif Muna grants you divine energy.
You briefly lose access to your magic!
The troll bites you!
* * * LOW HITPOINT WARNING * * *
The troll closely misses you. The troll barely misses you.
You hit the troll.
The troll is poisoned.
The troll is almost dead.
You regain access to your magic.
The troll bites you!
You die...

#.
#......#
##.
#......#
#..
#......#
#.#
#...?..#
#.#
#......#
#.#
#......#
##.#######
+......#
..(.......
#..T...#
##.#######
#...@..#
#)#
#......#
#.#
####'###
#.# #...#
#.#
#####.##
#.#
#......#
##.###
#......#
.....#
#......#
.....#
#......#


You could see a troll.

Vanquished Creatures
  Erica (D:8)
  A two-headed ogre (D:8)
  Prince Ribbit (D:7)
  2 hippogriffs
  A spriggan (D:8)
  A wyvern (D:9)
  5 yaks (D:9)
  2 hungry ghosts
  A steam dragon (D:7)
  A black bear (D:4)
  5 ice beasts
  3 orc warriors
  3 sky beasts
  An eye of draining (D:9)
  2 phantoms
  6 ogres
  3 centaurs
  The ghost of zkyp the Chopper, an amateur OpGl (D:3)
  3 big kobolds (Sewer)
  5 bullfrogs
  A jelly (D:4)
  4 scorpions
  3 wights (D:7)
  9 killer bees
  6 howler monkeys
  3 crimson imps
  6 orc priests
  5 hounds
  5 centaur skeletons
  A gnoll shaman (D:8)
  2 bullfrog skeletons (D:5)
  3 iguanas
  12 orc wizards
  4 worker ants
  A big kobold zombie (Ossuary)
  2 hound skeletons
  8 mummies (Ossuary)
  A worker ant zombie (D:5)
  22 adders
  11 gnolls
  3 river rats (Sewer)
  3 shadow imps
  6 oozes
  An adder skeleton (D:8)
  6 worms
  4 dart slugs
  6 leopard geckos
  34 orcs
  6 bats
  5 giant cockroaches
  11 hobgoblins
  10 jackals
  A quokka (D:6)
  5 ball pythons
  5 frilled lizards
  8 goblins
  4 hobgoblin zombies (Ossuary)
  12 kobolds
  2 kobold zombies (Ossuary)
  A leopard gecko skeleton (D:5)
  An orc zombie (Ossuary)
  3 quokka zombies
  10 rats
304 creatures vanquished.

Vanquished Creatures (collateral kills)
  An orc wizard (D:4)
1 creature vanquished.

Grand Total: 305 creatures vanquished

Notes
Turn   | Place    | Note
-------+----------+-------------------------------------------
     0 | D:1      | Amnesiac the Deep Elf Wizard began the quest for the Orb.
     0 | D:1      | Reached XP level 1. HP: 10/10 MP: 7/7
   217 | D:1      | Reached skill level 2 in Conjurations
   218 | D:1      | Reached XP level 2. HP: 15/15 MP: 1/9
   296 | D:1      | Learned a level 2 spell: Blink
   299 | D:1      | Learned a level 2 spell: Call Imp
   531 | D:1      | Reached skill level 3 in Conjurations
   634 | D:1      | Reached XP level 3. HP: 19/19 MP: 7/11
   639 | D:1      | Learned a level 3 spell: Conjure Flame
   643 | D:1      | Learned a level 3 spell: Mephitic Cloud
  1026 | D:2      | Reached skill level 4 in Conjurations
  1277 | D:2      | Found a stormy altar of Qazlal.
  1351 | D:2      | Reached XP level 4. HP: 24/24 MP: 10/12
  1380 | D:2      | Found a burning altar of Makhleb.
  1857 | D:3      | Found a glowing drain.
  1914 | Sewer    | Entered a sewer
  1941 | Sewer    | Reached skill level 1 in Fighting
  1978 | Sewer    | Noticed a big kobold
  1999 | Sewer    | Killed a big kobold
  1999 | Sewer    | Reached XP level 5. HP: 16/31 MP: 0/13
  2443 | Sewer    | Reached XP level 6. HP: 33/37 MP: 0/14
  3284 | D:3      | Noticed zkyp's ghost (amateur OpGl)
  3785 | D:3      | Found an ancient bone altar of Kikubaaqudgha.
  3938 | D:3      | Killed zkyp's ghost
  3938 | D:3      | Reached XP level 7. HP: 44/44 MP: 0/15
  4264 | D:4      | Found Loususae's Weapon Shop.
  4273 | D:4      | Found a basalt altar of Yredelemnul.
  4278 | D:4      | Found a shattered altar of Ashenzari.
  4282 | D:4      | Found a sacrificial altar of Ru.
  4305 | D:4      | Found a staircase to the Ecumenical Temple.
  4408 | Temple   | Entered the Ecumenical Temple
  4501 | Temple   | Became a worshipper of Sif Muna the Loreminder
  4883 | D:4      | Found a glowing golden altar of the Shining One.
  4997 | D:4      | Reached skill level 5 in Spellcasting
  4997 | D:4      | Reached skill level 5 in Conjurations
  5012 | D:5      | Entered Level 5 of the Dungeon
  5176 | D:5      | Found an opulent altar of Gozag.
  5375 | D:5      | Reached * piety under Sif Muna
  5375 | D:5      | Reached skill level 6 in Conjurations
  5464 | D:5      | Reached XP level 8. HP: 16/48 MP: 0/19
  5497 | D:5      | Found a sparkling altar of Nemelex Xobeh.
  5760 | D:5      | Reached skill level 7 in Conjurations
  6474 | D:4      | Reached skill level 8 in Conjurations
  6710 | D:6      | Reached ** piety under Sif Muna
  7007 | D:6      | Reached skill level 9 in Conjurations
  7007 | D:6      | Reached XP level 9. HP: 52/52 MP: 5/23
  7252 | D:7      | Noticed Prince Ribbit
  7292 | D:7      | Killed Prince Ribbit
  7486 | D:7      | Reached skill level 10 in Conjurations
  7575 | D:7      | Found a sand-covered staircase.
  7580 | Ossuary  | Entered an ossuary
  8288 | D:7      | Reached *** piety under Sif Muna
  8420 | D:7      | Reached skill level 11 in Conjurations
  8480 | D:7      | Reached skill level 10 in Spellcasting
  9063 | D:7      | Reached XP level 10. HP: 38/58 MP: 11/26
 10074 | D:8      | Found Peizaehane's General Store.
 10082 | D:8      | Reached **** piety under Sif Muna
 10082 | D:8      | Reached skill level 12 in Conjurations
 10161 | D:8      | Noticed Erica
 10199 | D:8      | Killed Erica
 10795 | D:8      | Found Qingash's Assorted Antiques.
 10837 | D:8      | Found Nacaip's Weapon Boutique.
 10837 | D:8      | Noticed a two-headed ogre
 10851 | D:8      | Killed a two-headed ogre
 10851 | D:8      | Reached skill level 13 in Conjurations
 10908 | D:8      | Learned a level 3 spell: Dazzling Spray
 11057 | D:9      | Reached ***** piety under Sif Muna
 11293 | D:9      | Identified Sif Muna's Almanac of the Bewitching Escort (Sif Muna gifted it to you on level 9 of the Dungeon)
 11293 | D:9      | Received a gift from Sif Muna
 11458 | D:9      | Reached XP level 11. HP: 38/62 MP: 6/29
 12083 | D:10     | Entered Level 10 of the Dungeon
 12098 | D:10     | Found a staircase to the Orcish Mines.
 12352 | D:10     | Reached skill level 14 in Conjurations
 12465 | D:10     | Slain by a troll

Vault maps used:
D:1:      eino_arrival_cavern_a
D:2:      bloody_makhleb, lemuel_coloured_pillars_altar
D:3:      corexii_shack_village, nicolae_overflow_hidden_temple,
          cheibrodos_sewer_entry_drain
D:4:      nicolae_tso_swordbearing_angel, minitemple,
          minmay_temple_entry_statues_pillars, serial_shops, shop, first_ration
D:5:      basic_altar, grunt_gozag_statues
D:7:      enter_ossuary_5, uniq_prince_ribbit1
D:8:      serial_shops, shop_fountains, nicolae_shop_waterfront,
          kennysheep_little_box, the_bakery, uniq_erica
D:10:     orc_0_dummy, solitary_fountain, uniq_sonja
Temple:   regret_index_temple_waves
Sewer:    sewer_co_tree
Ossuary:  ossuary_tomb_3

Skill      XL: |  1  2  3  4  5  6  7  8  9 10 11 |
---------------+----------------------------------+-----
Conjurations   | 2 3 4 6 9 11 13 14 | 14.0
Fighting       | 2 3 4 |  4.5
Dodging        | 3 4 |  4.5
Spellcasting   | 6 8 10 12 | 12.3
Stealth        | |  2.4
Summonings     | |  1.1
Translocations | |  1.1

Action                   |  1- 3 |  4- 6 |  7- 9 | 10-12 || total
-------------------------+-------+-------+-------+-------++-------
Melee: Dagger            |    10 |    10 |    87 |    86 ||   193
       Quarterstaff      |       |       |     3 |       ||     3
 Cast: Magic Dart        |    75 |   211 |   499 |    78 ||   863
       Conjure Flame     |       |     2 |    20 |    21 ||    43
       Blink             |       |     1 |     1 |     3 ||     5
       Mephitic Cloud    |       |       |    26 |    11 ||    37
       Dazzling Spray    |       |       |       |   127 ||   127
       Call Imp          |       |       |       |     1 ||     1
Invok: Divine Energy     |       |       |     1 |       ||     1
 Abil: Evoke Berserk Rag |       |       |     1 |       ||     1
  Use: Scroll            |       |       |    15 |       ||    15
       Potion            |       |       |     4 |     1 ||     5
 Stab: Confused          |       |       |     3 |     7 ||    10
       Sleeping          |       |       |       |     1 ||     1
       Invisible         |       |       |       |     2 ||     2
  Eat: Chunk             |     1 |     8 |    14 |    12 ||    35
       Ration            |       |       |     1 |       ||     1
Armor: Robe              |     5 |     4 |    46 |    16 ||    71
Dodge: Dodged            |    16 |    28 |   135 |    85 ||   264

Table legend:
 A = Spawn XP
 B = Non-spawn XP
 C = Spawn XP percentage of total XP
 D = Spawn monster count
 E = Non-spawn monster count
 F = Spawn count percentage of total count
 G = Total turns spent on level
                    A         B        C        D         E        F      G
               +---------+---------+-------+---------+---------+-------+---------
         Total |       0 |   12651 |   0.0 |       0 |     305 |   0.0 | 12465
               +---------+---------+-------+---------+---------+-------+---------
           D:1 |       0 |      45 |   0.0 |       0 |      19 |   0.0 |   904
           D:2 |       0 |      86 |   0.0 |       0 |      25 |   0.0 |  1121
           D:3 |       0 |     203 |   0.0 |       0 |      32 |   0.0 |  1038
           D:4 |       0 |     644 |   0.0 |       0 |      21 |   0.0 |  1037
           D:5 |       0 |     764 |   0.0 |       0 |      16 |   0.0 |  1095
           D:6 |       0 |     758 |   0.0 |       0 |      21 |   0.0 |   755
           D:7 |       0 |    2756 |   0.0 |       0 |      43 |   0.0 |  1756
           D:8 |       0 |    3198 |   0.0 |       0 |      26 |   0.0 |  1293
           D:9 |       0 |    2410 |   0.0 |       0 |      35 |   0.0 |  1118
          D:10 |       0 |    1141 |   0.0 |       0 |      23 |   0.0 |   382
         Sewer |       0 |     470 |   0.0 |       0 |      28 |   0.0 |  1148
       Ossuary |       0 |     176 |   0.0 |       0 |      16 |   0.0 |   669
               +---------+---------+-------+---------+---------+-------+---------
